3R
ATHLETIC CLUB KC U-21 @ FRANKLIN FIRE
08/10/2042
 
TOP OF THE 1ST
Athletic Club KC U-21 batting - Pitching for Franklin Fire : RHP Jeffrey Eckert
Pitching: RHP Jeffrey Eckert
Batting: RHB Moises Fernán 0-0: Called Strike
0-1: Ball
1-1: Hit by Pitch
Batting: LHB Motoki Yamasaki 0-0: Ball
1-0: Ball
2-0: Ball
3-0: Foul Ball, location: 2F
3-1: Fielders Choice at 2nd, 4-6 (Groundball, 4, EV 106.9 MPH)
Batting: LHB Arthur Witter 0-0: Ball
1-0: Called Strike
1-1: Fly out, F9 (Flyball, 9S, EV 84.4 MPH)
Batting: SHB Chiel Vreke 0-0: Ball
1-0: Called Strike
1-1: DOUBLE (Line Drive, 9LS, EV 98.1 MPH)
Motoki Yamasaki to third
Runner from 3rd tries for Home, SAFE, throw by RF to trailing runner, SAFE at third!
Batting: SHB Katsuya Nomura 0-0: Ball
1-0: Foul Ball, location: 2F
1-1: Foul Ball, location: 2F
1-2: Foul Ball, location: 2F
1-2: Ball
2-2: Ball
3-2: Base on Balls
Batting: LHB Brian Keys 0-0: Ball
1-0: Ball
2-0: Swinging Strike
2-1: Fly out, F8 (Flyball, 8RS, EV 83.8 MPH)
Top of the 1st over - 1 run, 1 hit, 0 errors, 2 left on base; Athletic Club KC 1 - Franklin 0
BOTTOM OF THE 1ST
Franklin Fire batting - Pitching for Athletic Club KC U-21 : RHP Conor March
Pitching: RHP Conor March
Batting: LHB Will Blalock 0-0: Foul Ball, location: 2F
0-1: Ball
1-1: Ball
2-1: Ball
3-1: Fly out, F4 (Popup, 4, EV 60.6 MPH)
Batting: SHB Ji-hoon Ku 0-0: Called Strike
0-1: Foul Ball, location: 2F
0-2: Ball
1-2: Ball
2-2: DOUBLE (Groundball, 5L, EV 100.0 MPH)
Batting: LHB Ernie Knight 0-0: Ball
Ji-hoon Ku steals 3rd base
1-0: Swinging Strike
1-1: Foul Ball, location: 2F
1-2: Ball
2-2: Ball
3-2: Ground out 6-3 (Groundball, 6, EV 75.6 MPH)
Ji-hoon Ku scores
Batting: RHB Takeichi Hashimoto 0-0: Called Strike
0-1: Swinging Strike
0-2: Ball
1-2: Strikes out swinging, 2-3 out at first.
Bottom of the 1st over - 1 run, 1 hit, 0 errors, 0 left on base; Athletic Club KC 1 - Franklin 1
TOP OF THE 2ND
Athletic Club KC U-21 batting - Pitching for Franklin Fire : RHP Jeffrey Eckert
Batting: LHB Andrés Moreno 0-0: Fly out, F7 (Line Drive, 7, EV 100.0 MPH)
Batting: RHB Jurrie Nuijs 0-0: Called Strike
0-1: Ball
1-1: Ball
2-1: Swinging Strike
2-2: Strikes out looking
Batting: RHB Jake Young 0-0: Called Strike
0-1: Fly out, F8 (Flyball, 78M, EV 84.4 MPH)
Top of the 2nd over - 0 runs, 0 hits, 0 errors, 0 left on base; Athletic Club KC 1 - Franklin 1
BOTTOM OF THE 2ND
Franklin Fire batting - Pitching for Athletic Club KC U-21 : RHP Conor March
Batting: LHB John Campbell 0-0: Ball
1-0: Foul Ball, location: 2F
1-1: Fly out, F5 (Popup, 5, EV 57.5 MPH)
Batting: RHB He-ping Bu 0-0: Called Strike
0-1: Called Strike
0-2: Ball
1-2: Ball
2-2: Foul Ball, location: 2F
2-2: Foul Ball, location: 2F
2-2: Ball
3-2: Base on Balls
Batting: RHB Steve Roberts 0-0: Ball
1-0: SINGLE (Line Drive, 4D, EV 96.9 MPH)
He-ping Bu to second
Runner from 2nd tries for 3rd, OUT! 8-5
Batting: RHB Daniel Black 0-0: SINGLE (Flyball, 8LS, EV 90.0 MPH)
Steve Roberts to second
Batting: RHB Justin Cook 0-0: SINGLE (Groundball, 56D, EV 94.4 MPH)
Steve Roberts to third
Daniel Black to second
Batting: LHB Will Blalock 0-0: Ball
1-0: Fly out, F8 (Flyball, 8RD, EV 97.5 MPH)
Bottom of the 2nd over - 0 runs, 3 hits, 0 errors, 3 left on base; Athletic Club KC 1 - Franklin 1
TOP OF THE 3RD
Athletic Club KC U-21 batting - Pitching for Franklin Fire : RHP Jeffrey Eckert
Batting: RHB Moises Fernán 0-0: Ball
1-0: Called Strike
1-1: SINGLE (Groundball, 6MD, EV 98.8 MPH)
Batting: LHB Motoki Yamasaki 0-0: Ball
1-0: Swinging Strike
1-1: Called Strike
1-2: Foul Ball, location: 2F
1-2: Fly out, F7 (Flyball, 7S, EV 80.0 MPH)
Batting: LHB Arthur Witter 0-0: Ball
Passed Ball!
Moises Fernán to second
1-0: Foul Ball, location: 2F
1-1: Swinging Strike
1-2: Ball
2-2: Strikes out looking
Batting: SHB Chiel Vreke 0-0: Ball
1-0: Swinging Strike
1-1: Foul Ball, location: 2F
1-2: Foul Ball, location: 2F
1-2: Strikes out swinging
Top of the 3rd over - 0 runs, 1 hit, 0 errors, 1 left on base; Athletic Club KC 1 - Franklin 1
BOTTOM OF THE 3RD
Franklin Fire batting - Pitching for Athletic Club KC U-21 : RHP Conor March
Batting: SHB Ji-hoon Ku 0-0: Foul Ball, location: 2F
0-1: Foul Ball, location: 2F
0-2: Ball
1-2: Ball
2-2: Foul Ball, location: 2F
2-2: Ball
3-2: Fly out, F9 (Flyball, 9, EV 93.1 MPH)
Batting: LHB Ernie Knight 0-0: Foul Ball, location: 2F
0-1: Ball
1-1: SINGLE (Groundball, 4MD, EV 103.1 MPH)
Batting: RHB Takeichi Hashimoto 0-0: Ball
1-0: Ball
2-0: Foul Ball, location: 2F
2-1: DOUBLE (Flyball, 8RXD, EV 85.6 MPH)
Ernie Knight to third
Batting: LHB John Campbell 0-0: Ball
1-0: Swinging Strike
1-1: Ball
2-1: Ball
3-1: Base on Balls
Batting: RHB He-ping Bu 0-0: Called Strike
0-1: Ball
1-1: Foul Ball, location: 2F
1-2: Ball
2-2: Strikes out swinging
Batting: RHB Steve Roberts 0-0: Ball
1-0: Called Strike
1-1: Foul Ball, location: 2F
1-2: Foul Ball, location: 2F
1-2: Ball
2-2: Ball
3-2: Foul Ball, location: 2F
3-2: Strikes out looking
Bottom of the 3rd over - 0 runs, 2 hits, 0 errors, 3 left on base; Athletic Club KC 1 - Franklin 1
TOP OF THE 4TH
Athletic Club KC U-21 batting - Pitching for Franklin Fire : RHP Jeffrey Eckert
Batting: SHB Katsuya Nomura 0-0: Foul Ball, location: 2F
0-1: Ground out 4-3 (Groundball, 4M, EV 78.1 MPH)
Batting: LHB Brian Keys 0-0: Called Strike
0-1: Swinging Strike
0-2: Ball
1-2: Foul Ball, location: 2F
1-2: Ground out U3 (Groundball, 3, EV 108.8 MPH)
Batting: LHB Andrés Moreno 0-0: Ball
1-0: Ball
2-0: Called Strike
2-1: Fly out, F7 (Flyball, 7, EV 73.8 MPH)
Top of the 4th over - 0 runs, 0 hits, 0 errors, 0 left on base; Athletic Club KC 1 - Franklin 1
BOTTOM OF THE 4TH
Franklin Fire batting - Pitching for Athletic Club KC U-21 : RHP Conor March
Batting: RHB Daniel Black 0-0: Called Strike
0-1: Foul Ball, location: 2F
0-2: Foul Ball, location: 2F
0-2: SINGLE (Flyball, 9S, EV 92.5 MPH)
Batting: RHB Justin Cook 0-0: Swinging Strike
0-1: Ball
1-1: Fielders Choice at 2nd, 5-4 (Groundball, 5L, EV 85.0 MPH)
Batting: LHB Will Blalock 0-0: Called Strike
0-1: Foul Ball, location: 2F
0-2: Fielders Choice at 2nd, 4-6 (Groundball, 4M, EV 82.5 MPH)
Batting: SHB Ji-hoon Ku 0-0: Ball
1-0: Ball
2-0: Ground out 5-3 (Groundball, 56S, EV 80.6 MPH)
Bottom of the 4th over - 0 runs, 1 hit, 0 errors, 1 left on base; Athletic Club KC 1 - Franklin 1
TOP OF THE 5TH
Athletic Club KC U-21 batting - Pitching for Franklin Fire : RHP Jeffrey Eckert
Batting: RHB Jurrie Nuijs 0-0: Ball
1-0: Called Strike
1-1: Hit by Pitch
Batting: RHB Jake Young 0-0: Called Strike
0-1: Ball
1-1: Foul Ball, location: 2F
1-2: Ball
2-2: Foul Ball, location: 2F
2-2: Ball
3-2: Fly out, F7 (Flyball, 7LSF, EV 97.5 MPH)
Batting: RHB Moises Fernán 0-0: Ball
1-0: Foul Ball, location: 2F
1-1: Called Strike
1-2: SINGLE (Groundball, 56S, EV 73.1 MPH) (infield hit)
Jurrie Nuijs to second
Batting: LHB Motoki Yamasaki 0-0: Foul Ball, location: 2F
0-1: Called Strike
0-2: Ball
Wild Pitch!
Jurrie Nuijs to third
Moises Fernán to second
1-2: Strikes out swinging
Batting: LHB Arthur Witter 0-0: Ball
1-0: Fly out, F8 (Flyball, 78XD, EV 78.8 MPH)
Top of the 5th over - 0 runs, 1 hit, 0 errors, 2 left on base; Athletic Club KC 1 - Franklin 1
BOTTOM OF THE 5TH
Franklin Fire batting - Pitching for Athletic Club KC U-21 : RHP Conor March
Batting: LHB Ernie Knight 0-0: Called Strike
0-1: Foul Ball, location: 2F
0-2: Foul Ball, location: 2F
0-2: Foul Ball, location: 2F
0-2: Ball
1-2: Ball
2-2: Ground out 6-3 (Groundball, 4M, EV 88.1 MPH)
Batting: RHB Takeichi Hashimoto 0-0: Ball
1-0: Foul Ball, location: 2F
1-1: Ball
2-1: Ball
3-1: Fly out, F7 (Flyball, 7S, EV 86.2 MPH)
Batting: LHB John Campbell 0-0: Fly out, F2 (Popup, 2RF, EV 90.0 MPH)
Bottom of the 5th over - 0 runs, 0 hits, 0 errors, 0 left on base; Athletic Club KC 1 - Franklin 1
TOP OF THE 6TH
Athletic Club KC U-21 batting - Pitching for Franklin Fire : RHP Jeffrey Eckert
Batting: SHB Chiel Vreke 0-0: Called Strike
0-1: Called Strike
0-2: Ball
1-2: Strikes out swinging
Batting: SHB Katsuya Nomura 0-0: Called Strike
0-1: Called Strike
0-2: Fly out, F7 (Flyball, 78M, EV 92.5 MPH)
Batting: LHB Brian Keys 0-0: Called Strike
0-1: Ball
1-1: Ball
2-1: Foul Ball, location: 2F
2-2: Foul Ball, location: 2F
2-2: Fly out, F8 (Line Drive, 8LD, EV 83.1 MPH)
Top of the 6th over - 0 runs, 0 hits, 0 errors, 0 left on base; Athletic Club KC 1 - Franklin 1
BOTTOM OF THE 6TH
Franklin Fire batting - Pitching for Athletic Club KC U-21 : RHP Conor March
Pitching: RHP Yun-ho Kogai
Batting: RHB He-ping Bu 0-0: Ball
1-0: Foul Ball, location: 2F
1-1: SINGLE (Line Drive, 89S, EV 91.2 MPH)
Batting: RHB Steve Roberts 0-0: Called Strike
0-1: Sac Bunt to 5S - play at first, batter OUT! 5-4
He-ping Bu to second
Batting: RHB Daniel Black 0-0: Ball
1-0: Ball
2-0: Ball
Wild Pitch!
He-ping Bu to third
3-0: Base on Balls
Batting: RHB Justin Cook 0-0: Called Strike
0-1: Called Strike
0-2: Ground out 5-3 (Groundball, 56S, EV 68.8 MPH)
Daniel Black to second
Batting: LHB Will Blalock 0-0: Called Strike
0-1: Hit by Pitch
Batting: SHB Ji-hoon Ku 0-0: Called Strike
0-1: Foul Ball, location: 2F
0-2: Foul Ball, location: 2F
0-2: Ball
1-2: Ball
2-2: DOUBLE (Flyball, 8RXD, EV 104.4 MPH)
He-ping Bu scores
Daniel Black scores
Will Blalock to third
Runner from 3rd tries for Home, SAFE, no throw by CF
Pitching: RHP Reynaldo Vázquez
Batting: LHB Ernie Knight 0-0: Called Strike
0-1: Foul Ball, location: 2F
0-2: DOUBLE (Flyball, 8LXD, EV 93.1 MPH)
Ji-hoon Ku scores
Batting: RHB Takeichi Hashimoto 0-0: Reached on error, E8 (Flyball, 8LD, EV 91.9 MPH)
Ernie Knight scores
Batting: LHB John Campbell 0-0: Ball
1-0: Ball
2-0: Foul Ball, location: 2F
2-1: Ball
3-1: Called Strike
3-2: Ground out 3-1 (Groundball, 34, EV 90.0 MPH)
Bottom of the 6th over - 5 runs, 3 hits, 1 error, 1 left on base; Athletic Club KC 1 - Franklin 6
TOP OF THE 7TH
Athletic Club KC U-21 batting - Pitching for Franklin Fire : RHP Jeffrey Eckert
Batting: LHB Andrés Moreno 0-0: Ball
1-0: Swinging Strike
1-1: Foul Ball, location: 2F
1-2: Foul Ball, location: 2F
1-2: Ball
2-2: Fly out, F7 (Flyball, 7LS, EV 86.2 MPH)
Batting: RHB Jurrie Nuijs 0-0: Ball
1-0: Ball
2-0: Swinging Strike
2-1: Fly out, F4 (Flyball, 34D, EV 80.6 MPH)
Batting: RHB Jake Young 0-0: Called Strike
0-1: Foul Ball, location: 2F
0-2: Ball
1-2: Ball
2-2: SINGLE (Line Drive, 78M, EV 91.9 MPH)
Batting: RHB Moises Fernán 0-0: Called Strike
0-1: Fielders Choice at 2nd, 6-4 (Groundball, 6, EV 81.2 MPH)
Top of the 7th over - 0 runs, 1 hit, 0 errors, 1 left on base; Athletic Club KC 1 - Franklin 6
BOTTOM OF THE 7TH
Franklin Fire batting - Pitching for Athletic Club KC U-21 : RHP Reynaldo Vázquez
Batting: RHB He-ping Bu 0-0: Ball
1-0: Single, Error in OF, E8, batter to second base (Line Drive, 8RS, EV 87.5 MPH)
Batting: RHB Steve Roberts 0-0: Foul Ball, location: 2F
0-1: Foul Ball, location: 2F
0-2: Strikes out swinging
Batting: RHB Daniel Black 0-0: Ball
1-0: Called Strike
1-1: Called Strike
1-2: Ball
2-2: Strikes out swinging
Batting: RHB Justin Cook 0-0: Ball
1-0: Ball
2-0: Foul Ball, location: 2F
2-1: Ball
3-1: Fly out, F8 (Flyball, 8LXD, EV 101.9 MPH)
Bottom of the 7th over - 0 runs, 1 hit, 1 error, 1 left on base; Athletic Club KC 1 - Franklin 6
TOP OF THE 8TH
Athletic Club KC U-21 batting - Pitching for Franklin Fire : RHP Jeffrey Eckert
Batting: LHB Motoki Yamasaki 0-0: Ball
1-0: Ball
2-0: Called Strike
2-1: Ball
3-1: Called Strike
3-2: Fly out, F5 (Popup, 5, EV 70.6 MPH)
Pitching: RHP Rafael Arroyo
Batting: LHB Arthur Witter 0-0: Called Strike
0-1: Ground out 1-3 (Groundball, P, EV 88.1 MPH)
Batting: SHB Chiel Vreke 0-0: Ball
1-0: Called Strike
1-1: DOUBLE (Flyball, 89XD, EV 100.0 MPH)
Batting: SHB Katsuya Nomura 0-0: Ball
1-0: Foul Ball, location: 2F
1-1: Ball
2-1: Ball
3-1: Fly out, F4 (Popup, 4S, EV 78.8 MPH)
Top of the 8th over - 0 runs, 1 hit, 0 errors, 1 left on base; Athletic Club KC 1 - Franklin 6
BOTTOM OF THE 8TH
Franklin Fire batting - Pitching for Athletic Club KC U-21 : RHP Reynaldo Vázquez
Batting: LHB Will Blalock 0-0: Called Strike
0-1: Ball
1-1: Called Strike
1-2: Ball
2-2: Ball
3-2: Fly out, F9 (Flyball, 89XD, EV 101.9 MPH)
Batting: SHB Ji-hoon Ku 0-0: Called Strike
0-1: Swinging Strike
0-2: Foul Ball, location: 2F
0-2: Ball
1-2: Ball
2-2: Ball
3-2: Fly out, F9 (Flyball, 9LS, EV 85.0 MPH)
Batting: LHB Ernie Knight 0-0: Ball
1-0: Ball
2-0: Ball
3-0: Swinging Strike
3-1: Base on Balls
Batting: RHB Takeichi Hashimoto 0-0: Ball
1-0: Called Strike
1-1: Called Strike
1-2: Ball
2-2: Foul Ball, location: 2F
2-2: Foul Ball, location: 2F
2-2: Foul Ball, location: 2F
2-2: Strikes out looking
Bottom of the 8th over - 0 runs, 0 hits, 0 errors, 1 left on base; Athletic Club KC 1 - Franklin 6
TOP OF THE 9TH
Athletic Club KC U-21 batting - Pitching for Franklin Fire : RHP Rafael Arroyo
Batting: LHB Brian Keys 0-0: Foul Ball, location: 2F
0-1: Ground out 1-3 (Groundball, 13, EV 71.9 MPH)
Batting: LHB Andrés Moreno 0-0: Called Strike
0-1: Ball
1-1: Swinging Strike
1-2: Ball
2-2: Ball
3-2: Foul Ball, location: 2F
3-2: Strikes out swinging
Batting: RHB Jurrie Nuijs 0-0: Ball
1-0: Foul Ball, location: 2F
1-1: Ball
2-1: Ball
3-1: Base on Balls
Batting: RHB Jake Young 0-0: Called Strike
0-1: Ball
1-1: Called Strike
1-2: Strikes out looking
Top of the 9th over - 0 runs, 0 hits, 0 errors, 1 left on base; Athletic Club KC 1 - Franklin 6
Friday, March 26th, 2021 - OOTP Baseball 20.8 Build 74